 Dungeon Crawl Stone Soup version 0.29.0-15-g675c0067aa (webtiles) character file.

Game seed: 2483370535914612242

873599 Lutefisk the Ninja (level 27, -16/190 (199) HPs)
             Began as a Vampire Brigand on Sept 11, 2022.
             Was the Champion of Dithmenos.
             Killed from afar by an ancient lich (74 damage)
             ... with a crystal spear
             ... on level 4 of the Abyss.
             The game lasted 07:07:22 (56258 turns).

Lutefisk the Ninja (Vampire Brigand)               Turns: 56258, Time: 07:07:23

HP:   -16/190 (199) AC: 21    Str: 16 (20) XL:     27
MP:   0/13          EV: 30    Int:  7 (21) God:    Dithmenos [******]
Gold: 5423          SH: 26    Dex: 19 (24) Spells: 26/26 levels left

rFire   + + +      SeeInvis +   o - +5 demon whip "Spellbinder" {antimagic, Will+}
rCold   + + +      Faith    .   A - +5 kite shield {reflect}
rNeg    + + +      Spirit   +   t - +4 moon troll leather armour {Spirit, Regen++ MP+5}
rPois   ∞          Reflect  +   (helmet restricted)
rElec   .          Harm     .   I - +2 cloak {rCorr}
rCorr   +          Rampage  .   H - +2 pair of gloves of Anarchy {Int+4}
Will    ++++.                   R - +2 pair of boots {Fly} Stlth ####******
                                y - amulet of Qoxel {Acrobat rPois MP+9}
HPRegen 0.00/turn               X - ring "Muzabypt" {Drain rF+++ rN+ Will+ Dex+2}
MPRegen 0.13/turn               S - ring "Waclyz" {rC+ Str+6 Stlth+}

@: flying, bloodless, inhibited regen, wreathed by umbra, studying 2 skills,
lightly drained
A: bloodless, fangs 3, see invisible, vampiric 2, horns 1, large bone plates 1,
low MP 1
}: 10/15 runes: serpentine, barnacled, slimy, silver, abyssal, demonic, glowing,
magical, fiery, dark
a: Bat Form, Revivify, Renounce Religion, Shadow Step, Shadow Form


You were on level 4 of the Abyss.
You worshipped Dithmenos.
Dithmenos was exalted by your worship.
You visited 16 branches of the dungeon, and saw 69 of its levels.
You visited Pandemonium 2 times, and saw 22 of its levels.
You visited the Abyss 8 times.
You visited 1 bazaar.
You also visited: Bailey, Ice Cave and Wizlab.

You collected 8769 gold pieces.
You spent 3346 gold pieces at shops.

Inventory:

Hand Weapons
 o - the +5 demon whip "Spellbinder" (weapon) {antimagic, Will+}
   (You found it on level 3 of the Elven Halls)

   It reduces the magical energy of the wielder, and disrupts the spells and
   magical abilities of those it strikes.
   Natural abilities and divine invocations are not affected.
   It unleashes wild and unpredictable magical effects upon striking a wizard or
   a creature with magical abilities.
   Will:      It increases your willpower.
 r - a +9 quick blade of protection
 L - a +9 vorpal eveningstar
Missiles
 e - 16 curare-tipped darts
 v - 18 javelins
 P - 33 boomerangs (quivered)
 T - 4 throwing nets
Armour
 c - +9 ice dragon scales
 t - the +4 moon troll leather armour (worn) {Spirit, Regen++ MP+5}
   (You took it off a moon troll in a wizard's laboratory)

   MP:        It affects your magic capacity (+5).
   Regen:     It increases your rate of health regeneration.
 A - a +5 kite shield of reflection (worn)
 H - the +2 pair of gloves of Anarchy (worn) {Int+4}
   (You found it on level 12 of the Dungeon)

   Int:       It affects your intelligence (+4).
 I - a +2 cloak of preservation (worn)
 R - a +2 pair of boots of flying (worn)
Jewellery
 f - the amulet "Zajoenam" {Faith Regen+}
   (You found it on level 5 of the Pits of Slime)

   [amulet of faith]

   It allows you to gain divine favour quickly.
   Regen:     It increases your rate of health regeneration.
 y - the amulet of Qoxel (around neck) {Acrobat rPois MP+9}
   (You found it on level 1 of the Elven Halls)

   [amulet of the acrobat]

   It increases your evasion while moving and waiting.
   rPois:     It protects you from poison.
   MP:        It affects your magic capacity (+9).
 S - the ring "Waclyz" (right hand) {rC+ Str+6 Stlth+}
   (You found it on level 3 of the Elven Halls)

   [ring of strength]

   Str:       It affects your strength (+6).
   rC:        It protects you from cold.
   Stlth:     It makes you more stealthy.
 X - the ring "Muzabypt" (left hand) {Drain rF+++ rN+ Will+ Dex+2}
   (You found it on level 5 of the Lair of Beasts)

   [ring of positive energy]

   Dex:       It affects your dexterity (+2).
   rF:        It renders you almost immune to fire.
   rN:        It protects you from negative energy.
   Drain:     It drains your maximum health when unequipped.
   Will:      It increases your willpower.
Wands
 q - a wand of digging (11)
 s - a wand of roots (20)
 w - a wand of polymorph (36)
 U - a wand of paralysis (49)
 Z - a wand of quicksilver (51)
Scrolls
 b - 11 scrolls of fear
 g - 6 scrolls of poison
 i - 2 scrolls of teleportation
 j - 2 scrolls of magic mapping
 z - 11 scrolls of immolation
 B - 2 scrolls of enchant armour
 C - 10 scrolls of vulnerability
 D - 7 scrolls of enchant weapon
 E - 8 scrolls of amnesia
 M - a scroll of blinking
 Q - 10 scrolls of fog
 W - 5 scrolls of silence
Potions
 a - 4 potions of magic
 h - 9 potions of might
 l - 8 potions of heal wounds
 m - 2 potions of mutation
 p - 2 potions of invisibility
 x - 5 potions of haste
 F - 3 potions of ambrosia
 G - 9 potions of lignification
 K - 3 potions of resistance
 N - 12 potions of brilliance
 O - 2 potions of cancellation
 V - 20 potions of curing
 Y - 3 potions of berserk rage
Miscellaneous
 d - a phial of floods
 k - a box of beasts
 n - a lightning rod (4/4)
 u - a phantom mirror
 J - a condenser vane (inert)


   Skills:
 O Level 27 Fighting
 - Level 8.0 Short Blades
 - Level 16.0 Maces & Flails
 - Level 10.0 Throwing
 - Level 15.0 Armour
 O Level 27 Dodging
 O Level 27 Stealth
 * Level 21.1 Shields
 - Level 10.0 Invocations
 - Level 14.0 Evocations


You had 26 spell levels left.
You didn't know any spells.
Your spell library contained the following spells:

 Spells                   Type           Power      Damage    Failure   Level
 Beastly Appendage        Tmut           0%         N/A       56%         1
 Freeze                   Ice            0%         1d3       56%         1
 Sandblast                Erth           0%         2d4       56%         1
 Shock                    Conj/Air       0%         1d3       56%         1
 Slow                     Hex            0%         N/A       56%         1
 Sting                    Tmut/Pois      0%         1d3       56%         1
 Summon Small Mammal      Summ           0%         N/A       56%         1
 Blink                    Tloc           0%         N/A       71%         2
 Passwall                 Tmut/Erth      0%         N/A       71%         2
 Poisonous Vapours        Pois/Air       0%         N/A       71%         2
 Scorch                   Fire           0%         2d5       71%         2
 Static Discharge         Conj/Air       0%         3-3/arc   71%         2
 Sublimation of Blood     Necr           0%         N/A       71%         2
 Wereblood                Tmut           0%         N/A       71%         2
 Call Canine Familiar     Summ           0%         N/A       91%         3
 Confusing Touch          Hex            0%         N/A       91%         3
 Dazzling Flash           Conj/Hex       0%         N/A       91%         3
 Frozen Ramparts          Ice            0%         1d1       91%         3
 Gell's Gravitas          Tloc           0%         N/A       91%         3
 Inner Flame              Hex/Fire       0%         N/A       91%         3
 Lesser Beckoning         Tloc           0%         N/A       91%         3
 Portal Projectile        Hex/Tloc       0%         N/A       91%         3
 Spider Form              Tmut/Pois      0%         N/A       91%         3
 Stone Arrow              Conj/Erth      0%         3d7       91%         3
 Summon Guardian Golem    Hex/Summ       0%         N/A       91%         3
 Swiftness                Air            0%         N/A       91%         3
 Teleport Other           Tloc           0%         N/A       91%         3
 Tukima's Dance           Hex            0%         N/A       91%         3
 Vampiric Draining        Necr           0%         2d6       91%         3
 Airstrike                Air            0%         2d(0-16)  100%        4
 Anguish                  Hex/Necr       0%         N/A       100%        4
 Animate Dead             Necr           0%         N/A       100%        4
 Cause Fear               Hex            0%         N/A       100%        4
 Corpse Rot               Necr/Pois/Air  0%         N/A       100%        4
 Flame Wave               Conj/Fire      0%         2d4       100%        4
 Hailstorm                Conj/Ice       0%         3d3       100%        4
 Ice Form                 Ice/Tmut       0%         N/A       100%        4
 Iskenderun's Mystic Bla  Conj/Tloc      0%         2d3       100%        4
 Leda's Liquefaction      Hex/Erth       0%         N/A       100%        4
 Olgreb's Toxic Radiance  Pois           0%         N/A       100%        4
 Passage of Golubria      Tloc           0%         N/A       100%        4
 Petrify                  Tmut/Erth      0%         N/A       100%        4
 Sticky Flame             Conj/Fire      0%         2d3       100%        4
 Alistair's Intoxication  Tmut/Pois      0%         N/A       100%        5
 Borgnjor's Vile Clutch   Necr/Erth      0%         N/A       100%        5
 Fireball                 Conj/Fire      0%         3d3       100%        5
 Freezing Cloud           Conj/Ice/Air   0%         6-21      100%        5
 Irradiate                Conj/Tmut      0%         3d11      100%        5
 Lee's Rapid Deconstruct  Erth           0%         3d5*      100%        5
 Lightning Bolt           Conj/Air       0%         1d11      100%        5
 Manifold Assault         Tloc           0%         N/A       100%        5
 Metabolic Englaciation   Hex/Ice        0%         N/A       100%        5
 Silence                  Hex/Air        0%         N/A       100%        5
 Summon Mana Viper        Hex/Summ       0%         N/A       100%        5
 Yara's Violent Unravell  Hex/Tmut       0%         3d3       100%        5
 Conjure Ball Lightning   Conj/Air       0%         3x3d6     100%        6
 Death Channel            Necr           0%         N/A       100%        6
 Dispersal                Tloc           0%         N/A       100%        6
 Eringya's Noxious Bog    Tmut/Pois      0%         N/A       100%        6
 Simulacrum               Ice/Necr       0%         N/A       100%        6
 Starburst                Conj/Fire      0%         6d3       100%        6
 Statue Form              Tmut/Erth      0%         N/A       100%        6
 Summon Cactus Giant      Summ           0%         N/A       100%        6
 Dragon Form              Tmut           0%         N/A       100%        7
 Haunt                    Necr/Summ      0%         N/A       100%        7
 Orb of Destruction       Conj           0%         9d5       100%        7
 Ozocubu's Refrigeration  Ice            0%         4d7       100%        7
 Spellforged Servitor     Conj/Summ      0%         N/A       100%        7
 Storm Form               Tmut/Air       0%         N/A       100%        7
 Summon Hydra             Summ           0%         N/A       100%        7
 Discord                  Hex            0%         N/A       100%        8
 Disjunction              Tloc           0%         N/A       100%        8
 Ignition                 Fire           0%         3d3       100%        8
 Infestation              Necr           0%         N/A       100%        8
 Lehudib's Crystal Spear  Conj/Erth      0%         10d2      100%        8
 Maxwell's Capacitive Co  Air            0%         ∞         100%        8
 Chain Lightning          Conj/Air       0%         N/A       100%        9
 Dragon's Call            Summ           0%         N/A       100%        9
 Fire Storm               Conj/Fire      0%         5d1       100%        9
 Polar Vortex             Ice            0%         N/A       100%        9
 Shatter                  Erth           0%         3d5*      100%        9


Dungeon Overview and Level Annotations

Branches:
Dungeon (15/15)            Temple (0/1) D:6            Lair (5/5) D:9
 Shoals (4/4) Lair:2        Snake (4/4) Lair:3        Slime (5/5) Lair:5
    Orc (2/2) D:12            Elf (3/3) Orc:2        Vaults (5/5) D:14
  Crypt (3/3) Vaults:3       Tomb (1/3) Crypt:3      Depths (4/4) D:15
   Hell (visited)             Dis (1/7) Hell            Geh (6/7) Hell
    Coc (5/7) Hell            Zot (5/5) Depths:4     Bailey (visited)
  IceCv (visited)          WizLab (visited)
    Tar: Hell:1

Altars:
Ashenzari
Dithmenos
Fedhas
Makhleb
Nemelex Xobeh
Sif Muna
Trog
Uskayaw
Vehumet
Yredelemnul
Jiyva

Shops:
D:13 [   Orc:2 [*([   Elf:1 [   Elf:2 [*   Elf:3 [!*   Shoals:1 :   Snake:3 :
Vaults:1 (   Vaults:3 [

Portals:
Hell: Depths:1 Depths:2 Depths:3 Depths:4
Abyss: Depths:2 Depths:3
Pandemonium: Depths:2

Annotations:
D:2 Natasha
D:7 2 transporters
D:9 3 runed translucent doors, bigduke15's ghost, novice MiFi
Lair:2 exclusion: oklob plant
Snake:3 Roxanne
Snake:4 Asterion


Innate Abilities, Weirdness & Mutations

You do not regenerate when monsters are visible.
You are frail without blood (-20% HP).
You can heal yourself when you bite living creatures.
You are immune to poison.
You have razor-sharp teeth.
You have supernaturally acute eyesight. (SInv)
You are afflicted with vampirism and can become a bat while bloodless.
You have a pair of small horns on your head.
You are partially covered in large bone plates. (SH +4)
Your magical capacity is low. (-10% MP)


Message History

You destroy the starcursed mass!
Dithmenos accepts your kill.
Unknown command.
You hit the ancient lich but do no damage.
The ancient lich is caught in an explosion of flying shrapnel.
You headbutt the ancient lich, but do no damage.
The ancient lich is heavily damaged.
Your shadow hits the ancient lich but does no damage.
The tentacled starspawn is engulfed in freezing vapours.
Tentacles burst from the starspawn's body!
The ancient lich is engulfed in freezing vapours.
The ancient lich misses you. 2 starspawn tentacles come into view.
Unknown command.
Unknown command.
You whack the ancient lich!
The ancient lich's magic leaks into the air.
The ancient lich shivers with cold.
The ancient lich completely resists.
You headbutt the ancient lich, but do no damage.
The ancient lich is heavily damaged.
The ancient lich's magic is no longer disrupted.
The ynoxinul is engulfed in freezing vapours.
The ancient lich is engulfed in freezing vapours.
You block the ancient lich's attack.
You hit the ancient lich.
The ancient lich's magic leaks into the air.
The air around the ancient lich burns with energy.
The ancient lich completely resists.
You headbutt the ancient lich, but do no damage.
The ancient lich is heavily damaged.
Your shadow hits the ancient lich but does no damage.
The tentacled starspawn is engulfed in freezing vapours.
You hit the ancient lich but do no damage.
The ancient lich is hit by flying rocks.
Your headbutt misses the ancient lich.
The ancient lich is heavily damaged.
The ancient lich is engulfed in freezing vapours.
The ancient lich casts a spell at you. The crystal spear hits you!!!!
You die...

# 5 ## #####
#§.
.#.#.#.###§5.#.
.3.
.......@L§#§.5.
#..#
....w###3### #
.X# ... ─..§§§
### # # .
..§§§§# § .
#..#X§§#§§...#
...#v#§§§§
§##....
.##...#5..##.#
#.. .
##.#.#....#..
.# #X#..##.
#... ..


You could see an ancient lich (fast, invisible, magic disrupted), a tentacled
starspawn, a ynoxinul, a starspawn tentacle and 2 ufetubi.

Vanquished Creatures
  the Royal Jelly (Slime:5)
  Gloorx Vloq (Pan)
  Mnoleg (Pan)
  5 orbs of fire (Zot:5)
  4 dread liches
  2 ancient liches
  Mara (Vaults:3)
  2 juggernauts (Depths:2)
  A royal mummy (Tomb:1)
  2 Killer Klowns (Zot:5)
  Vashnia (Snake:2)
  Saint Roka (Snake:3)
  A curse toe (Zot:5)
  The ghost of Bidatih the Peltast, an adept MiBe of Trog (Vaults:2)
  Geryon (Hell)
  The ghost of Plog the Warrior, an adept DgCj (Depths:3)
  7 golden dragons
  Nikola (Elf:2)
  4 profane servitors
  8 bone dragons
  The ghost of theMacoje the Slayer, an adept OgEn of Okawaru (Vaults:3)
  2 electric golems
  5 hellephants
  2 Brimstone Fiends
  7 searing wretches
  2 Ice Fiends (Hell)
  Zenata (Crypt:2)
  28 tentacled monstrosities
  2 walking earthen tomes
  2 liches
  A tainted leviathan (Hell)
  2 deep elf master archers (Elf:3)
  2 deep elf blademasters (Elf:3)
  A moon troll (WizLab)
  22 Orb Guardians (Zot:5)
  A walking divine tome (Depths:2)
  14 titans
  A walking frostbound tome (Abyss:4)
  An acid blob (shapeshifter) (Vaults:5)
  9 quicksilver dragons
  19 tentacled starspawn
  16 acid blobs
  4 ancient champions
  8 death cobs
  2 krakens
  11 storm dragons
  7 tengu reavers
  11 sphinxes
  13 shadow dragons
  12 Executioners
  A thorn hunter (Abyss:3)
  10 rockslimes
  7 draconian knights
  Donald (Orc:2)
  3 revenants
  24 fire giants
  15 frost giants
  A daeva (Abyss:3)
  A draconian monk (Zot:5)
  7 azure jellies
  13 vault wardens
  2 draconian scorchers
  2 narguns
  6 deep elf sorcerers
  3 nagarajas
  Aizul (Snake:4)
  6 iron dragons
  16 balrugs
  An orc warlord (Vaults:3)
  4 ghost moths
  A spectral juggernaut (Depths:3)
  11 cacodemons (Pan)
  2 draconian shifters
  A juggernaut zombie (Depths:3)
  4 shard shrike simulacra
  10 ghouls
  A caustic shrike skeleton (Crypt:1)
  A demonspawn blood saint (Pan)
  4 angels (Pan)
  6 curse skulls
  A spriggan defender (Depths:2)
  8 war gargoyles
  9 draconian annihilators
  4 ironbound thunderhulks
  14 ironbound preservers
  4 reapers
  6 quicksilver oozes
  A juggernaut skeleton (Depths:2)
  22 very ugly things
  29 stone giants
  9 ophanim
  2 bennus (Tomb:1)
  60 starcursed masses
  A lorocyproca (Pan)
  8 vampire knights
  3 elemental wellsprings
  6 deep elf demonologists
  8 yellow draconians
  11 green draconians
  9 black draconians
  7 purple draconians
  3 putrid mouths
  A spectral titan (Depths:3)
  7 dire elephants
  2 entropy weavers
  7 deep elf annihilators
  A spark wasp (Depths:2)
  A wendigo (Coc:4)
  3 apis (Pan)
  6 red draconians
  3 iron golems (Hell)
  11 white draconians
  9 eidola
  Snorg (Lair:3)
  4 blizzard demons (Pan)
  6 merfolk javelineers
  6 mummy priests
  7 deep elf death magi
  6 green deaths
  20 ettins
  A shambling mangrove (Abyss:4)
  6 jiangshi
  9 merfolk impalers
  2 deep elf high priests
  12 fire dragons
  4 yaktaur captains
  11 great orbs of eyes
  Harold (D:11)
  8 rakshasas
  2 fenstrider witch zombies (Crypt:3)
  3 spriggan zombies (Crypt:3)
  5 salamander tyrants
  30 vault guards
  2 hell beasts
  2 alligator snapping turtles
  4 ice dragons
  2 caustic shrike simulacra (Coc:3)
  4 merfolk avatars
  4 peacekeepers
  A boulder beetle (D:13)
  9 hydras
  19 anacondas
  A ghost crab (Abyss:4)
  7 ironbound frosthearts
  A spriggan skeleton (Tomb:1)
  4 merfolk aquamancers (Shoals:4)
  A juggernaut simulacrum (Depths:3)
  An ogre mage (D:15)
  15 naga warriors
  5 centaur warriors
  12 two-headed ogres
  10 deep troll shamans
  5 stokers
  2 death knights (Crypt:3)
  Erica (Lair:1)
  2 satyrs
  18 dancing weapons
  48 hell hogs
  5 tengu warriors
  10 deep troll earth magi
  2 spectral stone giants (Depths:3)
  10 shock serpents
  7 spriggan berserkers
  14 death scarabs (Tomb:1)
  3 titan zombies
  24 naga sharpshooters
  3 vampire magi
  15 thrashing horrors
  3 holy swine (Pan)
  18 hell knights
  10 soul eaters
  A fire crab (Abyss:4)
  6 wretched stars
  10 deep elf knights
  The ghost of lambentLogic the Covert, a novice KoEn of Dithmenos (D:11)
  5 shadow wraiths
  12 iron trolls
  A spatial maelstrom (Abyss:4)
  17 sun demons
  8 sixfirhies
  8 sea snakes
  2 salamander mystics
  3 bunyip zombies
  A death drake (Abyss:4)
  2 quicksilver dragon simulacra
  2 swamp dragons (Abyss:3)
  8 cherubim (Pan)
  10 glowing orange brains
  17 skeletal warriors
  An orb spider (Abyss:4)
  50 deep trolls
  An orange crystal statue (WizLab)
  7 lindwurms
  10 naga ritualists
  A glowing orange brain (shapeshifter) (Depths:4)
  26 phantasmal warriors
  5 deep elf archers
  7 flayed ghosts
  9 wizards
  A shadow dragon zombie (Crypt:1)
  21 deep elf pyromancers
  15 deep elf zephyrmancers
  12 ironbound convokers
  5 orc knights
  16 harpies
  A lindwurm (shapeshifter) (Depths:4)
  9 necromancers
  16 mana vipers
  8 orc sorcerers
  12 cyclopes
  27 ugly things
  8 shining eyes
  A shadow dragon skeleton (Depths:2)
  4 stone giant zombies
  3 oklob plants
  A tengu skeleton (Vaults:4)
  3 fauns
  3 human zombies
  2 will-o-the-wisps
  18 manticores
  3 worldbinders
  A sphinx skeleton (Depths:2)
  11 salamanders
  Joseph (D:8)
  32 moths of wrath
  8 elephants
  4 merfolk sirens
  14 naga magi
  A human skeleton (Tomb:1)
  9 vault sentinels
  An iron dragon skeleton (Crypt:2)
  A fire giant skeleton (Vaults:4)
  7 guardian serpents
  27 smoke demons
  An ice statue (Abyss:4)
  16 orange demons
  38 black mambas
  6 rust devils (Depths:2)
  A frost giant skeleton (Vaults:1)
  A titan simulacrum (Depths:3)
  11 eyes of devastation
  4 naga zombies
  2 alligator snapping turtle zombies (Crypt:3)
  5 apocalypse crabs
  A gargoyle (D:12)
  3 hellions
  2 torpor snails (Lair:1)
  2 molten gargoyles (Hell)
  13 cane toads
  A torpor snail (shapeshifter) (Vaults:3)
  7 water nymphs
  An orb spider zombie (Crypt:2)
  An elf skeleton (Vaults:4)
  10 komodo dragons
  9 freezing wraiths
  6 rime drakes
  4 unseen horrors
  A dire elephant skeleton (Pan)
  14 yaktaurs
  An anaconda simulacrum (Coc:4)
  A catoblepas zombie (Crypt:3)
  7 demonic crawlers
  6 tormentors
  2 ice devils (Depths:2)
  12 efreet
  3 tengu conjurers
  A yellow draconian skeleton (Crypt:1)
  7 red devils
  A catoblepas skeleton (Crypt:2)
  10 guardian mummies
  A purple draconian skeleton (Crypt:2)
  8 hellwings
  21 merfolk
  3 polar bears
  A merfolk (shapeshifter) (Depths:2)
  5 ancient zymes
  A harpy zombie (Crypt:3)
  17 trolls
  8 wind drakes
  8 snapping turtles
  8 dream sheep
  41 large abominations
  3 harpy skeletons (Pan)
  101 slime creatures
  16 hornets
  18 raiju
  A death drake skeleton (Crypt:1)
  3 stone giant simulacra
  23 blink frogs
  A deep troll skeleton (Vaults:1)
  23 flying skulls
  22 water elementals
  14 air elementals
  5 shadows
  2 vampires
  A dire elephant simulacrum (Coc:2)
  5 wraiths
  2 yaks (shapeshifter) (D:13)
  8 ynoxinuls
  A spriggan (shapeshifter) (Vaults:5)
  A spriggan (Depths:4)
  A wyvern (shapeshifter) (Depths:2)
  3 basilisks
  Eustachio (D:5)
  A fire bat (Abyss:3)
  3 fire elementals
  28 golden eyes
  11 chaos spawn
  3 vampire mosquitoes (D:14)
  3 ushabtiu (Tomb:1)
  16 neqoxecs
  24 yaks
  3 steam dragons
  9 wargs
  8 harpy simulacra
  A fire bat zombie (Crypt:1)
  A swamp worm (Lair:4)
  A glowing shapeshifter zombie (Depths:2)
  A demonspawn zombie (Crypt:1)
  2 acid dragons
  15 small abominations
  32 nagas
  2 hydra simulacra
  8 water moccasins
  2 floating eyes
  2 naga skeletons (Pan)
  2 black bears (D:9)
  An ice beast (D:7)
  2 sky beasts
  An ice beast (shapeshifter) (Depths:4)
  19 orc warriors
  A black bear (shapeshifter) (Abyss:4)
  An ettin simulacrum (Coc:2)
  13 ogres
  6 wolves (Lair:3)
  16 centaurs
  2 phantoms
  2 kobold brigands (D:7)
  3 slime creature simulacra (IceCv)
  A komodo dragon zombie (Crypt:1)
  9 bullfrogs
  2 gnoll sergeants
  A draconian skeleton (Crypt:1)
  2 earth elementals
  7 scorpions
  2 glowing shapeshifter simulacra
  18 necrophages
  8 wyvern skeletons (Crypt:3)
  5 wights (D:8)
  A water moccasin skeleton (Crypt:1)
  6 killer bees (D:7)
  5 electric eels
  7 howler monkeys (D:9)
  4 crimson imps (Pan)
  2 quasits (Abyss:4)
  A black bear zombie (Crypt:2)
  An iron imp (Abyss:4)
  3 hounds
  5 jellies (Lair:5)
  10 orc priests
  A gnoll bouda (D:4)
  3 iguanas
  41 orc wizards
  2 shapeshifter simulacra (IceCv)
  19 mummies
  17 gnolls
  11 adders
  A swamp drake skeleton (Crypt:2)
  A shadow imp (D:6)
  15 white imps
  An ufetubus (Abyss:4)
  4 dart slugs
  76 orcs
  2 ball pythons
  8 endoplasms
  5 giant cockroaches
  8 goblins
  7 hobgoblins
  4 jackals (D:2)
  13 kobolds
  3 quokkas
  2 bats
  A frilled lizard (D:2)
  3 rats
  A briar patch (Lair:4)
  2 creeping infernos (Geh:6)
  4 fire vortices
  2 lurking horrors
  2 starspawn tentacles
  6 tentacles
2879 creatures vanquished.

Vanquished Creatures (collateral kills)
  An Orb Guardian (Zot:5)
  An Executioner (Pan)
  A tentacled starspawn (Abyss:3)
  An azure jelly (Slime:3)
  A curse skull (Pan)
  A vault warden (Vaults:1)
  An ironbound preserver (Vaults:1)
  A draconian annihilator (Zot:5)
  A very ugly thing (WizLab)
  A deep elf high priest (Elf:3)
  A great orb of eyes (Slime:3)
  A wretched star (Abyss:4)
  3 large abominations (Abyss:4)
  5 deep trolls (Vaults:1)
  A vault sentinel (Vaults:1)
  A starcursed mass (WizLab)
  2 raiju (Abyss:4)
  An alligator snapping turtle simulacrum (Abyss:4)
  A chaos spawn (Abyss:3)
  A small abomination (Abyss:4)
  A white imp (Abyss:3)
  A lurking horror (Abyss:4)
29 creatures vanquished.

Vanquished Creatures (others)
  Margery (Depths:4)
  2 eldritch tentacles (Pan)
  A fire giant (Geh:3)
  2 nagarajas (Snake:4)
  A draconian annihilator (Pan)
  An ironbound preserver (Vaults:5)
  A deep elf annihilator (Pan)
  A green death (Pan)
  An eidolon (Abyss:4)
  2 spriggan air magi (Pan)
  A rakshasa (Pan)
  An ogre mage (Vaults:5)
  2 wizards (Pan)
  2 deep elf pyromancers
  A moth of wrath (Zot:1)
  A smoke demon (Abyss:4)
  An efreet (Pan)
  A tengu conjurer (D:15)
  A large abomination (Pan)
  A wraith (Abyss:4)
  A golden eye (Abyss:4)
  A great orb of eyes simulacrum (IceCv)
  A slime creature simulacrum (IceCv)
  A small abomination (Abyss:4)
  3 orc wizards (Orc:2)
  A shapeshifter simulacrum (IceCv)
  8 ball lightnings (Pan)
  4 briar patches (Abyss:3)
  A bush (Abyss:4)
  2 creeping infernos
  8 demonic plants
  2 fire vortices
  10 foxfires
  88 fungi
  2 lurking horrors (Abyss:4)
  115 plants
  41 starspawn tentacles
  34 tentacles
  7 withered plants (Crypt:3)
355 creatures vanquished.

Grand Total: 3263 creatures vanquished

Notes
Turn   | Place    | Note
-------+----------+-------------------------------------------
     0 | D:1      | Lutefisk the Vampire Brigand began the quest for the Orb.
     0 | D:1      | Reached XP level 1. HP: 16/16 MP: 1/1
   134 | D:1      | Reached XP level 2. HP: 22/22 MP: 2/2
   579 | D:2      | Found a faded altar of an unknown god.
   622 | D:2      | Found a shadowy altar of Dithmenos.
   633 | D:2      | Became a worshipper of Dithmenos the Shadowed
   685 | D:2      | Gained mutation: You are afflicted with vampirism and can
                  | become a bat while bloodless. [Vampire growth]
   685 | D:2      | Reached XP level 3. HP: 28/28 MP: 3/3
   757 | D:2      | Noticed Natasha
   990 | D:3      | Noticed a scorpion
  1017 | D:3      | Killed a scorpion
  1018 | D:3      | Reached XP level 4. HP: 26/35 MP: 4/4
  1250 | D:4      | Noticed a scorpion
  1257 | D:4      | Killed a scorpion
  1258 | D:4      | Reached XP level 5. HP: 42/42 MP: 5/5
  1488 | D:4      | Noticed a water moccasin
  1504 | D:5      | Entered Level 5 of the Dungeon
  1604 | D:4      | Reached * piety under Dithmenos
  1838 | D:4      | Reached XP level 6. HP: 49/49 MP: 6/6
  1857 | D:4      | Reached skill level 1 in Armour
  1958 | D:5      | Reached skill level 5 in Fighting
  1980 | D:5      | Reached XP level 7. HP: 54/56 MP: 7/7
  2097 | D:5      | Reached skill level 10 in Stealth
  2508 | D:4      | Reached ** piety under Dithmenos
  2712 | D:5      | Noticed Eustachio
  2716 | D:5      | Killed Eustachio
  2717 | D:5      | Reached XP level 8. HP: 62/64 MP: 8/8
  3000 | D:6      | Reached skill level 1 in Evocations
  3110 | D:6      | Found a staircase to the Ecumenical Temple.
  3448 | D:7      | Reached skill level 1 in Invocations
  3465 | D:7      | Found a transporter.
  3650 | D:7      | Reached XP level 9. HP: 30/72 MP: 10/10
  3901 | D:7      | Noticed a green ugly thing
  3902 | D:7      | Found a transporter.
  3908 | D:7      | Found a flagged portal.
  3910 | D:7      | Noticed a centaur warrior
  3917 | Bailey   | Entered a bailey
  4003 | Bailey   | Reached *** piety under Dithmenos
  4038 | Bailey   | Identified a scroll of acquirement
  4547 | D:7      | Found a radiant altar of Vehumet.
  4623 | D:8      | Noticed Joseph
  4967 | D:9      | Noticed a troll
  5032 | D:9      | Reached XP level 10. HP: 76/83 MP: 11/11
  5107 | D:9      | Reached **** piety under Dithmenos
  5142 | D:9      | Reached skill level 5 in Dodging
  5158 | D:9      | Found a staircase to the Lair.
  5202 | D:9      | Noticed a two-headed ogre
  5232 | Lair:1   | Entered Level 1 of the Lair of Beasts
  5239 | Lair:1   | Reached skill level 15 in Stealth
  5327 | Lair:1   | Noticed a black mamba
  5352 | Lair:1   | Found a frozen archway.
  5364 | Lair:1   | Noticed a cane toad
  5392 | Lair:1   | Killed a cane toad
  5442 | IceCv    | Entered an ice cave
  5985 | IceCv    | Reached ***** piety under Dithmenos
  6287 | IceCv    | Noticed an ice statue
  6356 | IceCv    | Noticed a quicksilver ooze
  6427 | Lair:1   | Noticed a black mamba
  6433 | Lair:1   | Killed a black mamba
  6434 | Lair:1   | Reached XP level 11. HP: 90/90 MP: 13/13
  6473 | Lair:1   | Reached skill level 10 in Fighting
  6578 | Lair:1   | Noticed Erica
  6599 | Lair:1   | Killed Erica
  6837 | Lair:1   | Acquired a manual of Maces & Flails
  7086 | Lair:2   | Noticed a seven-headed hydra
  7421 | Lair:2   | Found a blossoming altar of Fedhas.
  7440 | Lair:2   | Noticed an oklob plant
  7672 | Lair:2   | Reached skill level 5 in Armour
  7762 | Lair:2   | Paralysed by a centaur for 2 turns
  7788 | Lair:2   | Found a staircase to the Shoals.
  7800 | Lair:2   | Noticed a five-headed hydra
  8161 | Lair:3   | Noticed a lindwurm
  8184 | Lair:3   | Noticed an oklob plant
  8187 | Lair:3   | Noticed a five-headed hydra
  8187 | Lair:3   | Noticed a seven-headed hydra
  8387 | Lair:4   | Found a transporter.
  8443 | Lair:3   | Reached XP level 12. HP: 100/100 MP: 14/14
  8525 | Lair:3   | Identified the +4 ring mail of Sugyduh {*Corrode Str+3
                  | Dex+8 Slay+3}
  8618 | Lair:3   | Noticed Snorg
  8622 | Lair:3   | Killed Snorg
  8764 | Lair:4   | Reached skill level 10 in Dodging
  9587 | Lair:4   | Found a transporter.
  9613 | Lair:5   | Entered Level 5 of the Lair of Beasts
  9765 | Lair:5   | Identified the ring "Muzabypt" {Drain rF+++ rN+ Will+
                  | Dex+2}
  9866 | Lair:5   | Reached XP level 13. HP: 93/108 MP: 15/15
  9879 | Lair:5   | Found a staircase to the Slime Pits.
 10373 | Lair:5   | Reached skill level 5 in Evocations
 10393 | Lair:5   | Reached skill level 1 in Maces & Flails
 10623 | Lair:5   | Reached skill level 5 in Maces & Flails
 10737 | Lair:5   | Found a burning altar of Makhleb.
 10970 | Lair:2   | Acquired a manual of Dodging
 11462 | D:8      | Killed Joseph
 11541 | D:9      | Found a runed translucent gate.
 11541 | D:9      | Found a runed translucent gate.
 11541 | D:9      | Found a runed translucent gate.
 11541 | D:9      | Noticed bigduke15's ghost (novice MiFi)
 11610 | D:9      | Found a shimmering blue altar of Sif Muna.
 11642 | D:10     | Entered Level 10 of the Dungeon
 11910 | D:10     | You are sucked into a shaft and drop 1 floor!
 11943 | D:11     | Noticed Harold
 11955 | D:11     | Killed Harold
 12098 | D:11     | Found a runed translucent door.
 12145 | D:11     | Noticed lambentLogic's ghost (novice KoEn)
 12154 | D:11     | Killed lambentLogic's ghost
 12679 | D:12     | Identified the +2 pair of gloves of Anarchy {Int+4}
 12714 | D:12     | Found a staircase to the Orcish Mines.
 12758 | D:12     | Reached skill level 15 in Dodging
 12787 | Orc:1    | Entered Level 1 of the Orcish Mines
 12828 | Orc:1    | Reached XP level 14. HP: 115/115 MP: 17/17
 12937 | Orc:2    | Entered Level 2 of the Orcish Mines
 12937 | Orc:2    | Noticed Donald
 12939 | Orc:2    | Killed Donald
 13008 | Orc:2    | Found a flickering gateway to a bazaar.
 13110 | Orc:2    | Reached skill level 1 in Shields
 13152 | Orc:2    | Found a staircase to the Elven Halls.
 13246 | Bazaar   | Entered a bazaar
 13246 | Bazaar   | Found Mimatec's Jewellery Shoppe.
 13246 | Bazaar   | Found Etoracal's Magic Scroll Shoppe.
 13275 | Bazaar   | Found Fecw's Antique Armour Emporium.
 13283 | Bazaar   | Found Votril's General Store.
 13294 | Bazaar   | Found Kaifat's Antique Weapon Boutique.
 13313 | Bazaar   | Bought a scroll of blinking for 105 gold pieces
 13313 | Bazaar   | Bought a scroll of teleportation for 42 gold pieces
 13313 | Bazaar   | Bought a scroll of teleportation for 42 gold pieces
 13313 | Bazaar   | Bought a scroll of enchant armour for 105 gold pieces
 13313 | Bazaar   | Bought a scroll of enchant armour for 105 gold pieces
 13321 | Bazaar   | Bought an amulet of regeneration for 300 gold pieces
 13363 | Bazaar   | Bought a scroll of blinking for 67 gold pieces
 13463 | Orc:2    | Found Towe's Antique Weapon Shoppe.
 13463 | Orc:2    | Found Vaummohu's Antique Armour Boutique.
 13545 | Orc:2    | Reached ****** piety under Dithmenos
 13563 | Orc:2    | Found Kixe's General Store.
 13563 | Orc:2    | Found Suilareisi's Antique Armour Shoppe.
 13574 | Orc:2    | Bought a smoking scale mail for 270 gold pieces
 13574 | Orc:2    | Identified the +2 scale mail "Penuhitz" {Str+3} (You bought
                  | it in a shop on level 2 of the Orcish Mines)
 13584 | Orc:2    | Bought a scroll of fear for 60 gold pieces
 13584 | Orc:2    | Bought a potion of curing for 45 gold pieces
 13584 | Orc:2    | Bought a potion of mutation for 120 gold pieces
 14109 | D:13     | Reached skill level 5 in Shields
 14302 | D:13     | Found Eninuug's Armour Emporium.
 14715 | D:14     | Identified the amulet of Loiff {RegenMP Int+5}
 14972 | D:14     | Found a gate to the Vaults.
 15049 | D:14     | Found a sparkling altar of Nemelex Xobeh.
 15064 | D:15     | Entered Level 15 of the Dungeon
 15427 | D:15     | Reached skill level 10 in Shields
 15524 | D:15     | Reached XP level 15. HP: 116/120 MP: 18/18
 15587 | D:15     | Found a staircase to the Depths.
 15837 | Shoals:1 | Entered Level 1 of the Shoals
 15991 | Shoals:1 | Identified the +9 bardiche of the Hammering Big Fish
                  | {drain, rF+++ MP+9 Dex-3 SInv}
 16048 | Shoals:1 | Found Imaezi's Vocational Training.
 16306 | Shoals:2 | Reached skill level 10 in Maces & Flails
 16571 | Shoals:2 | Identified the +6 long sword of Zamihih {vorpal, rCorr
                  | Str+4 SInv}
 16933 | Shoals:3 | Noticed a kraken
 16983 | Shoals:3 | Killed a kraken
 17225 | Shoals:4 | Entered Level 4 of the Shoals
 17289 | Shoals:4 | Paralysed by an air elemental for 1 turns
 17294 | Shoals:4 | Paralysed by an air elemental for 1 turns
 17305 | Shoals:4 | Paralysed by an air elemental for 1 turns
 17310 | Shoals:4 | Paralysed by an air elemental for 1 turns
 17316 | Shoals:4 | Paralysed by an air elemental for 1 turns
 17348 | Shoals:4 | Reached XP level 16. HP: 88/129 MP: 19/19
 17403 | Shoals:4 | Noticed a titan
 17421 | Shoals:4 | Killed a titan
 17488 | Shoals:4 | Got a barnacled rune of Zot
 17490 | Shoals:4 | Got the Collected Works on the Stony Snowflakes
 17535 | Shoals:4 | Paralysed by an air elemental for 1 turns
 17546 | Shoals:4 | Paralysed by an air elemental for 1 turns
 17548 | Shoals:4 | Paralysed by an air elemental for 1 turns
 17552 | Shoals:4 | Paralysed by an air elemental for 1 turns
 17558 | Shoals:4 | Paralysed by an air elemental for 1 turns
 17576 | Shoals:4 | Paralysed by an air elemental for 1 turns
 17665 | Shoals:4 | Paralysed by an air elemental for 1 turns
 17864 | Shoals:1 | Bought a manual of Evocations for 1200 gold pieces
 17931 | Lair:3   | Found a broken altar of Ashenzari.
 17974 | Lair:3   | Found a staircase to the Snake Pit.
 17983 | Snake:1  | Entered Level 1 of the Snake Pit
 18935 | Snake:2  | Reached skill level 10 in Evocations
 18956 | Snake:2  | Noticed Vashnia
 19007 | Snake:3  | Reached XP level 17. HP: 115/139 MP: 16/20
 19017 | Snake:3  | Acquired a manual of Stealth
 19248 | Snake:3  | Noticed Roxanne
 19471 | Snake:3  | Found Uqemivu's Tremendous Tomes.
 19972 | Snake:2  | Killed Vashnia
 20052 | Snake:4  | Entered Level 4 of the Snake Pit
 20094 | Snake:4  | Noticed Saint Roka
 20224 | Snake:3  | Killed Saint Roka
 20494 | Snake:4  | Noticed Aizul
 20496 | Snake:4  | Noticed Asterion
 20519 | Snake:4  | Killed Aizul
 20886 | Snake:4  | Reached skill level 15 in Maces & Flails
 21007 | Snake:4  | Got a serpentine rune of Zot
 21255 | Snake:1  | Reached XP level 18. HP: 128/146 MP: 21/21
 21702 | Vaults:1 | Entered Level 1 of the Vaults
 21806 | Vaults:1 | Noticed an Ice Fiend
 21849 | Vaults:1 | Reached skill level 27 in Stealth
 21944 | Vaults:1 | Found Xaxt's Antique Weapon Emporium.
 22811 | Vaults:3 | Reached skill level 15 in Fighting
 23225 | Vaults:3 | Found Upedwoh's Armour Boutique.
 23384 | Vaults:4 | Found a magical portal.
 23389 | WizLab   | Entered Lehudib's Moon Base
 23516 | WizLab   | Reached XP level 19. HP: 155/155 MP: 22/22
 23592 | WizLab   | Found a transporter.
 23784 | WizLab   | Found a transporter.
 24603 | Vaults:4 | Noticed Mara
 24636 | Vaults:4 | Noticed Lutefisk's illusion
 24678 | Vaults:3 | Noticed Lutefisk's illusion
 25357 | Vaults:2 | Found a runed translucent gate.
 25357 | Vaults:2 | Found a runed translucent gate.
 25358 | Vaults:2 | Found a runed translucent gate.
 25358 | Vaults:2 | Noticed theMacoje's ghost (adept OgEn)
 25358 | Vaults:2 | Noticed Bidatih's ghost (adept MiBe)
 25670 | Elf:1    | Entered Level 1 of the Elven Halls
 25686 | Elf:1    | Identified the amulet of Qoxel {Acrobat rPois MP+9}
 25786 | Elf:1    | Paralysed by an air elemental for 1 turns
 25791 | Elf:1    | Paralysed by an air elemental for 1 turns
 25907 | Elf:2    | Reached skill level 10 in Armour
 25911 | Elf:2    | Reached XP level 20. HP: 162/162 MP: 23/23
 25984 | Elf:2    | Found Iresigo's Armour Emporium.
 26057 | Elf:2    | Found Wicom's Assorted Antiques.
 26153 | Elf:2    | Identified the +0 pair of gloves of Contentment {rCorr
                  | SInv}
 26153 | Elf:2    | Noticed Nikola
 26190 | Elf:2    | Killed Nikola
 26238 | Elf:3    | Entered Level 3 of the Elven Halls
 26297 | Elf:3    | Found Amassis's Assorted Antiques.
 26309 | Elf:3    | Bought a wand of roots (5) for 324 gold pieces
 26420 | Elf:3    | Found Ocaz's Antique Armour Shoppe.
 26437 | Elf:3    | Paralysed by an air elemental for 1 turns
 26458 | Elf:3    | Found a hide-covered altar of Uskayaw.
 26633 | Elf:3    | Found Sesahun's Distillery.
 26642 | Elf:3    | Bought a potion of haste for 170 gold pieces
 26642 | Elf:3    | Bought a potion of heal wounds for 85 gold pieces
 26642 | Elf:3    | Bought a potion of resistance for 170 gold pieces
 26642 | Elf:3    | Bought a potion of mutation for 136 gold pieces
 26802 | Elf:3    | Found the +5 demon whip "Spellbinder" {antimagic, Will+}
 26890 | Elf:3    | Identified the +0 robe of the Assorted Hosts {Slay+2}
 26916 | Elf:3    | Identified the +4 mace of the Uplifting Spider {vorpal, rN+
                  | Will+ Str-5}
 26923 | Elf:3    | Identified the +4 short sword of Hepoh {drain, Int+5}
 26937 | Elf:3    | Identified the +3 leather armour of Gef Ysh {Str+4 Int-2
                  | Dex+2}
 27019 | Elf:3    | Found the +3 hat of Pondering {ponderous, Will+ MP+10
                  | Int+5}
 27038 | Elf:3    | Found the +5 glaive of the Guard {elec, spectral, AC+5}
 27083 | Elf:3    | Identified the +10 great sword of Honour {drain, Dex+3}
 27086 | Elf:3    | Identified the ring "Waclyz" {rC+ Str+6 Stlth+}
 27124 | Elf:3    | Identified the +3 scimitar "Cuxzuwor" {vorpal, rN+ Str+4}
 27503 | Elf:1    | Found Kamaro's Antique Armour Shop.
 27941 | Slime:1  | Entered Level 1 of the Pits of Slime
 28202 | Slime:4  | Gained mutation: You are weak. (Str -2) [a shining eye]
 28231 | Slime:5  | Entered Level 5 of the Pits of Slime
 28247 | Slime:5  | Gained mutation: Your body sometimes deteriorates upon
                  | taking damage. [a shining eye]
 28646 | Slime:4  | Reached XP level 21. HP: 147/171 MP: 24/24
 28909 | Slime:5  | Noticed the Royal Jelly
 28910 | Slime:5  | Found a viscous altar of Jiyva.
 29137 | Slime:5  | Killed the Royal Jelly
 29341 | Slime:5  | Got the Directory of Hot Venin
 29345 | Slime:5  | Got the Verses on Glacial Silt
 29347 | Slime:5  | Got a slimy rune of Zot
 29361 | Slime:5  | Identified the amulet of Foolhardiness {Reflect Int+2 SH+5}
 29362 | Slime:5  | Identified the amulet "Zajoenam" {Faith Regen+}
 29370 | Slime:5  | Identified the +6 hand axe "Fish" {vorpal, rF+ rN+}
 29382 | Slime:5  | Identified the +0 ring mail "Bunauq" {rPois}
 29383 | Slime:5  | Identified the +7 short sword "Woowa" {pain, Fragile rElec
                  | rC+}
 29876 | Depths:1 | Entered Level 1 of the Depths
 29901 | Depths:1 | Found a shadowy altar of Dithmenos.
 30249 | Depths:1 | Found a gateway to Hell.
 30283 | Depths:2 | Reached skill level 15 in Shields
 30482 | Depths:2 | Found a shadowy altar of Dithmenos.
 30483 | Depths:2 | Found a bloodstained altar of Trog.
 30483 | Depths:2 | Found a one-way gate leading to the halls of Pandemonium.
 30523 | Depths:2 | Noticed a juggernaut
 30532 | Depths:2 | Killed a juggernaut
 30578 | Depths:2 | Noticed a juggernaut
 30582 | Depths:2 | Killed a juggernaut
 30833 | Depths:2 | Reached XP level 22. HP: 131/178 MP: 23/25
 31021 | Depths:2 | Reached skill level 5 in Short Blades
 31274 | Depths:2 | Noticed a caustic shrike
 31619 | Depths:2 | Found a one-way gate to the infinite horrors of the Abyss.
 31664 | Depths:2 | Voluntarily entered the Abyss.
 32228 | Abyss:3  | Found a corrupted altar of Lugonu.
 32293 | Abyss:3  | Found a corrupted altar of Lugonu.
 32392 | Abyss:3  | Gained mutation: Your body often deteriorates upon taking
                  | damage. [a neqoxec]
 32900 | Abyss:4  | Got an abyssal rune of Zot
 33094 | Depths:2 | Escaped the Abyss
 33247 | Depths:3 | Found a runed translucent door.
 33248 | Depths:3 | Noticed Plog's ghost (adept DgCj)
 33575 | Depths:3 | You are sucked into a shaft and drop 1 floor!
 33575 | Depths:4 | Entered Level 4 of the Depths
 33586 | Depths:4 | Found a basalt altar of Yredelemnul.
 33731 | Depths:4 | Identified the +4 rapier "Giniasti" {vamp, rC+}
 33800 | Depths:3 | Reached XP level 23. HP: 140/194 MP: 22/26
 34215 | Depths:4 | Noticed Margery
 34279 | Depths:4 | Killed Margery
 34726 | Depths:4 | Found a gate to the Realm of Zot.
 34732 | Zot:1    | Entered Level 1 of the Realm of Zot
 35501 | Zot:1    | You are sucked into a shaft and drop 1 floor!
 35815 | Zot:3    | Identified the +5 falchion "Yraop" {vorpal, rPois rCorr
                  | Int+3 Stlth+}
 36152 | Zot:4    | Reached XP level 24. HP: 204/204 MP: 26/26
 37154 | Zot:5    | Entered Level 5 of the Realm of Zot
 37358 | Zot:5    | Noticed a Killer Klown
 37361 | Zot:5    | Killed a Killer Klown
 37666 | Zot:5    | Noticed a dread lich
 37695 | Zot:5    | Gained mutation: You are clumsy. (Dex -2) [mutagenic glow]
 37703 | Zot:5    | Noticed an orb of fire
 37717 | Zot:5    | Gained mutation: You occasionally lose the ability to drink
                  | potions when taking damage. [an orb of fire]
 37730 | Zot:5    | Noticed an orb of fire
 37731 | Zot:5    | Noticed an orb of fire
 37740 | Zot:5    | Killed an orb of fire
 37751 | Zot:5    | Gained mutation: You are very clumsy. (Dex -4) [an orb of
                  | fire]
 37764 | Zot:5    | Gained mutation: You are dopey. (Int -2) [an orb of fire]
 37768 | Zot:5    | Gained mutation: You occasionally shout uncontrollably at
                  | your foes. [an orb of fire]
 37779 | Zot:5    | Killed an orb of fire
 37818 | Zot:5    | Killed an orb of fire
 37830 | Zot:5    | Killed a dread lich
 37839 | Zot:5    | Noticed an orb of fire
 37840 | Zot:5    | Noticed a Killer Klown
 37855 | Zot:5    | Noticed a Killer Klown
 37860 | Zot:5    | Gained mutation: You sometimes lose your temper in combat.
                  | [an orb of fire]
 37862 | Zot:5    | Noticed an ancient lich
 37870 | Zot:5    | Killed an orb of fire
 37871 | Zot:5    | Reached skill level 5 in Invocations
 37875 | Zot:5    | Killed a Killer Klown
 37876 | Zot:5    | Noticed an orb of fire
 37881 | Zot:5    | Noticed a Killer Klown
 37898 | Zot:5    | Gained mutation: You are frail. (-10% HP) [an orb of fire]
 38118 | Zot:5    | Lost mutation: You are frail. (-10% HP) [potion of
                  | mutation]
 38118 | Zot:5    | Lost mutation: You occasionally shout uncontrollably at
                  | your foes. [potion of mutation]
 38118 | Zot:5    | Lost mutation: Your body often deteriorates upon taking
                  | damage. [potion of mutation]
 38119 | Zot:5    | Lost mutation: You are weak. (Str -2) [potion of mutation]
 38119 | Zot:5    | Lost mutation: You are very clumsy. (Dex -4) [potion of
                  | mutation]
 38119 | Zot:5    | Lost mutation: You occasionally lose the ability to drink
                  | potions when taking damage. [potion of mutation]
 38119 | Zot:5    | Gained mutation: Your magical capacity is low. (-10% MP)
                  | [potion of mutation]
 38119 | Zot:5    | Gained mutation: Your flesh is cold resistant. (rC+)
                  | [potion of mutation]
 38120 | Zot:5    | Lost mutation: Your magical capacity is low. (-10% MP)
                  | [potion of mutation]
 38120 | Zot:5    | Lost mutation: You sometimes lose your temper in combat.
                  | [potion of mutation]
 38120 | Zot:5    | Lost mutation: Your body sometimes deteriorates upon taking
                  | damage. [potion of mutation]
 38120 | Zot:5    | Lost mutation: You are clumsy. (Dex -2) [potion of
                  | mutation]
 38120 | Zot:5    | Gained mutation: Your body sometimes deteriorates upon
                  | taking damage. [potion of mutation]
 38120 | Zot:5    | Gained mutation: You have hidden genetic potential. [potion
                  | of mutation]
 38166 | Zot:5    | Noticed an orb of fire
 38223 | Zot:5    | Reached XP level 25. HP: 214/214 MP: 18/28
 38255 | Zot:5    | Gained mutation: You are very dopey. (Int -4) [an orb of
                  | fire]
 38282 | Zot:5    | Killed an orb of fire
 38824 | Depths:3 | Killed Plog's ghost
 38914 | Depths:3 | Identified the +1 cloak of Litame {+Blink Fly}
 39178 | Vaults:3 | You are sucked into a shaft and drop 1 floor!
 39229 | Vaults:5 | Entered Level 5 of the Vaults
 39278 | Vaults:4 | Reached skill level 10 in Invocations
 39602 | Vaults:5 | Identified the ring "Arudwocu" {rF+ Will+ rCorr Dex-5 SInv}
 40117 | Vaults:5 | Noticed a dread lich
 40124 | Vaults:5 | Noticed an ancient lich
 40154 | Vaults:5 | Killed an ancient lich
 40182 | Vaults:5 | Killed a dread lich
 40199 | Vaults:5 | Reached skill level 5 in Throwing
 40376 | Vaults:5 | Got a silver rune of Zot
 40419 | Vaults:5 | Gained mutation: You have a pair of small antennae on your
                  | head. [hidden potential]
 40569 | Vaults:5 | Got the Dissertation on Bewitchment
 40654 | Vaults:5 | Identified the +0 hat of Insatiable Hunger {Int+2}
 40771 | Vaults:3 | Killed Mara
 40967 | Pan      | Entered Pandemonium
 41008 | Pan      | Found a transporter.
 41077 | Pan      | Entered the realm of Lom Lobon.
 41119 | Pan      | Reached XP level 26. HP: 224/224 MP: 30/30
 41225 | Pan      | Found an exit through the horrors of the Abyss.
 41606 | Pan      | Noticed Lom Lobon
 41683 | Pan      | Got a magical rune of Zot
 41814 | Pan      | Noticed a seraph
 42066 | Pan      | Identified the +9 longbow of a treasure trove {speed,
                  | Str+2}
 42150 | Pan      | Got a demonic rune of Zot
 42153 | Pan      | Identified the +6 morningstar of Uncomfortable Rashes
                  | {elec, rN+ Str-3 Int+2 Dex+2}
 42208 | Depths:2 | Escaped Pandemonium
 42210 | Pan      | Entered Pandemonium
 42499 | Pan      | Found an exit through the horrors of the Abyss.
 42917 | Pan      | Found an exit through the horrors of the Abyss.
 43105 | Pan      | Entered the realm of Mnoleg.
 43191 | Pan      | Gained mutation: Your magical capacity is low. (-10% MP) [a
                  | cacodemon]
 43198 | Pan      | Gained mutation: You are frail. (-10% HP) [a cacodemon]
 43198 | Pan      | Gained mutation: Your magical capacity is very low. (-20%
                  | MP) [a cacodemon]
 43208 | Pan      | Gained mutation: You occasionally lose the ability to read
                  | scrolls when taking damage. [a cacodemon]
 43332 | Pan      | Reached skill level 10 in Throwing
 43340 | Pan      | Gained mutation: You passively map a small area around you.
                  | [a neqoxec]
 43415 | Pan      | Gained mutation: You are occasionally teleported next to
                  | monsters. [a cacodemon]
 43432 | Pan      | Gained mutation: You are very frail. (-20% HP) [a
                  | cacodemon]
 43446 | Pan      | Paralysed by a floating eye for 4 turns
 43455 | Pan      | Gained mutation: Armour fits poorly on your strangely
                  | shaped body. [a shining eye]
 43518 | Pan      | Noticed Mnoleg
 43544 | Pan      | Gained mutation: Your body often deteriorates upon taking
                  | damage. [a shining eye]
 43553 | Pan      | Gained mutation: You are weak. (Str -2) [a shining eye]
 43557 | Pan      | Gained mutation: You occasionally lose the ability to drink
                  | potions when taking damage. [a shining eye]
 43560 | Pan      | Gained mutation: You sometimes lose the ability to drink
                  | potions when taking damage. [a shining eye]
 43564 | Pan      | Lost mutation: You occasionally lose the ability to read
                  | scrolls when taking damage. [potion of mutation]
 43564 | Pan      | Lost mutation: You are very dopey. (Int -4) [potion of
                  | mutation]
 43564 | Pan      | Lost mutation: You have a pair of small antennae on your
                  | head. [potion of mutation]
 43564 | Pan      | Lost mutation: Your flesh is cold resistant. (rC+) [potion
                  | of mutation]
 43564 | Pan      | Lost mutation: You are very frail. (-20% HP) [potion of
                  | mutation]
 43567 | Pan      | Lost mutation: Armour fits poorly on your strangely shaped
                  | body. [potion of mutation]
 43567 | Pan      | Lost mutation: You sometimes lose the ability to drink
                  | potions when taking damage. [potion of mutation]
 43567 | Pan      | Lost mutation: Your body often deteriorates upon taking
                  | damage. [potion of mutation]
 43567 | Pan      | Gained mutation: You are agile. (Dex +4, Str/Int -1)
                  | [potion of mutation]
 43568 | Pan      | Lost mutation: You passively map a small area around you.
                  | [potion of mutation]
 43568 | Pan      | Lost mutation: You are dopey. (Int -2) [potion of mutation]
 43568 | Pan      | Lost mutation: You occasionally lose the ability to drink
                  | potions when taking damage. [potion of mutation]
 43568 | Pan      | Gained mutation: Your flesh is heat resistant. (rF+)
                  | [potion of mutation]
 43568 | Pan      | Lost mutation: You have hidden genetic potential. [potion
                  | of mutation]
 43568 | Pan      | Gained mutation: You are covered in fur. (AC +1) [potion of
                  | mutation]
 43569 | Pan      | Lost mutation: You are occasionally teleported next to
                  | monsters. [potion of mutation]
 43569 | Pan      | Lost mutation: You are frail. (-10% HP) [potion of
                  | mutation]
 43569 | Pan      | Lost mutation: You are agile. (Dex +4, Str/Int -1) [potion
                  | of mutation]
 43569 | Pan      | Gained mutation: Your movements are slightly less
                  | encumbered by armour. (ER -2) [potion of mutation]
 43569 | Pan      | Gained mutation: You passively map a small area around you.
                  | [potion of mutation]
 43654 | Pan      | Killed Mnoleg
 43706 | Pan      | Got a glowing rune of Zot
 44079 | Pan      | Noticed Lom Lobon
 44141 | Pan      | Noticed Wauqoysh the pandemonium lord
 44237 | Pan      | Entered the realm of Cerebov.
 44314 | Pan      | Noticed Lom Lobon
 44559 | Pan      | Found the +6 sword of Cerebov {flame}
 44559 | Pan      | Noticed Cerebov
 44913 | Pan      | Identified the +3 halberd of Dawn {vorpal, *Rage Dex+5}
 44920 | Pan      | Got a fiery rune of Zot
 44993 | Pan      | Entered the realm of Gloorx Vloq.
 45390 | Pan      | Noticed Gloorx Vloq
 45486 | Pan      | Found an exit through the horrors of the Abyss.
 45644 | Pan      | Killed Gloorx Vloq
 45646 | Pan      | Got a dark rune of Zot
 45769 | Pan      | Took an exit into the Abyss.
 45769 | Abyss:4  | Escaped into the Abyss
 45792 | Depths:2 | Escaped the Abyss
 45797 | Hell     | Entered the Vestibule of Hell
 45797 | Hell     | Noticed Geryon
 45897 | Depths:2 | Reached XP level 27. HP: 221/238 MP: 24/24
 46272 | Hell     | Killed Geryon
 46298 | Hell     | Found a gateway to the freezing wastes of Cocytus.
 46322 | Hell     | Found a gateway to the Iron City of Dis.
 46417 | Dis:1    | Entered Level 1 of the Iron City of Dis
 46456 | Hell     | Found a gateway to the ashen valley of Gehenna.
 46487 | Geh:1    | Entered Level 1 of Gehenna
 47656 | Geh:5    | Noticed a dread lich
 47656 | Geh:5    | Noticed a dread lich
 47656 | Geh:5    | Noticed an ancient lich
 47656 | Geh:5    | Noticed an ancient lich
 47661 | Geh:5    | Killed an ancient lich
 48493 | Depths:2 | Voluntarily entered the Abyss.
 48493 | Abyss:4  | Found a corrupted altar of Lugonu.
 48780 | Depths:2 | Escaped the Abyss
 48788 | Depths:2 | Voluntarily entered the Abyss.
 48788 | Abyss:4  | Found a corrupted altar of Lugonu.
 49137 | Depths:2 | Escaped the Abyss
 49174 | Coc:1    | Entered Level 1 of Cocytus
 49234 | Coc:2    | Lost intelligence.
 49562 | Hell     | Lost mutation: You are covered in fur. (AC +1) [potion of
                  | mutation]
 49562 | Hell     | Lost mutation: Your flesh is heat resistant. (rF+) [potion
                  | of mutation]
 49562 | Hell     | Lost mutation: Your magical capacity is very low. (-20% MP)
                  | [potion of mutation]
 49563 | Hell     | Lost mutation: You are weak. (Str -2) [potion of mutation]
 49563 | Hell     | Lost mutation: Your movements are slightly less encumbered
                  | by armour. (ER -2) [potion of mutation]
 49563 | Hell     | Gained mutation: You are partially covered in large bone
                  | plates. (SH +4) [potion of mutation]
 49564 | Hell     | Lost mutation: You passively map a small area around you.
                  | [potion of mutation]
 49564 | Hell     | Lost mutation: Your body sometimes deteriorates upon taking
                  | damage. [potion of mutation]
 49564 | Hell     | Gained mutation: You expend magic power (3 MP) to
                  | strengthen your wands. [potion of mutation]
 49564 | Hell     | Lost mutation: You expend magic power (3 MP) to strengthen
                  | your wands. [potion of mutation]
 49564 | Hell     | Gained mutation: You have a pair of small horns on your
                  | head. [potion of mutation]
 49732 | Depths:2 | Voluntarily entered the Abyss.
 49732 | Abyss:4  | Found a corrupted altar of Lugonu.
 50255 | Abyss:4  | Reached skill level 15 in Armour
 50283 | Depths:2 | Escaped the Abyss
 50509 | Vaults:3 | Killed theMacoje's ghost
 50581 | Vaults:3 | Found a staircase to the Crypt.
 50586 | Crypt:1  | Entered Level 1 of the Crypt
 51004 | Crypt:1  | Found a basalt altar of Yredelemnul.
 51432 | Crypt:2  | Noticed Zenata
 51451 | Crypt:2  | Killed Zenata
 51876 | Crypt:3  | Entered Level 3 of the Crypt
 52331 | Crypt:3  | Found a staircase to the Tomb.
 52357 | Tomb:1   | Entered Level 1 of the Tomb of the Ancients
 52493 | Tomb:1   | Reached skill level 27 in Dodging
 52615 | Tomb:1   | Noticed a royal mummy
 52691 | Tomb:1   | Killed a royal mummy
 52744 | Tomb:1   | Noticed a royal mummy
 53406 | Crypt:3  | Found a basalt altar of Yredelemnul.
 53590 | Crypt:3  | Identified the +5 rapier of the Supporting Gods {vorpal,
                  | rC+ rCorr Stlth+}
 53592 | Crypt:3  | Got Kikubaaqudgha's Lectures on the Dead
 53641 | Crypt:3  | Reached skill level 27 in Fighting
 53885 | Vaults:2 | Killed Bidatih's ghost
 54484 | Coc:3    | Noticed a dread lich
 54803 | Hell     | Killed a dread lich
 54955 | Coc:3    | Noticed a dread lich
 54982 | Hell     | Killed a dread lich
 55084 | Depths:2 | Voluntarily entered the Abyss.
 55118 | Abyss:4  | Noticed an ancient lich
 55163 | Depths:2 | Escaped the Abyss
 55621 | Depths:2 | Voluntarily entered the Abyss.
 55663 | Abyss:4  | Found a corrupted altar of Lugonu.
 55774 | Depths:2 | Escaped the Abyss
 56142 | Depths:2 | Voluntarily entered the Abyss.
 56204 | Abyss:4  | Noticed an ancient lich
 56258 | Abyss:4  | Killed from afar by an ancient lich

Illustrated notes

Levels and vault maps discovered:
D:1:      sevenhm_arrival_forest_fort_large_2, layout_loops_cross,
          minmay_misc_feat_four_crosses, minmay_misc_feat_plants
D:2:      layout_basic, basic_altar, serial_glass, glass_columns_c,
          glass_columns_a, glass_columns_b, glass_columns_a, glass_columns_b,
          shapermc_ecumenical_altar_mp_ritualfount, nicolae_underground_beach,
          uniq_natasha
D:3:      layout_basic
D:4:      layout_gridville, minmay_distorted
D:5:      layout_layer_cave, uniq_eustachio
D:6:      layout_basic, minmay_temple_entry_mist, chequers_avenue
D:7:      minmay_chambers_of_fours, layout_basic,
          gammafunk_temple_overflow_arena, enter_bailey_2
D:8:      layout_basic, minmay_misc_feat_rows, uniq_joseph
D:9:      layout_rooms, tgw_sif, due_lair_maze_entry_diamond,
          gammafunk_ghost_necromancy
D:10:     layout_irregular_city, hellmonk_guarded_unrand_cigotuvi
D:11:     layout_basic, ebering_ghost_reflecting_pool, uniq_harold
D:12:     layout_rooms, erik_orc_3, kennysheep_four_rooms
D:13:     lemuel_flame_loot_2, layout_basic, serial_shops, kennysheep_mini_moat,
          chequers_serial_rivers_micro_d
D:14:     layout_irregular_city, david_vaults_1, nemelex_lonely_heart_becter,
          minmay_sticks_and_stones
D:15:     grunt_enter_depths_hoard, layout_basic, hangedman_decor_lopped
Lair:1:   layout_cellular_growth, portal_ice_cave_entry_imps, uniq_erica
Lair:2:   layout_cave_pods, minmay_shoals_entry_centaurs, st_stairs_8,
          tgw_fedhas, serial_bayou_shore_a, serial_bayou_shore_b,
          serial_bayou_shore_b, grunt_megastairs_5
Lair:3:   layout_regular_city, guppyfry_snake_entry_garden, basic_altar,
          st_stairs_6, grunt_megastairs_4, lemuel_fruit_tree, uniq_snorg
Lair:4:   gammafunk_worm_tunnel, layout_long_grid, infiniplex_staircase_pool,
          uniq_kirke
Lair:5:   evil_forest, layout_regular_city, nicolae_slime_entry_slimehenge
Shoals:1: layout_shoals, nicolae_shop_vocational
Shoals:2: layout_shoals
Shoals:3: layout_shoals
Shoals:4: shoals_end_hellmonk_storm_palace [storm_palace_center_square,
          storm_palace_corner_pillars, storm_palace_corner_pillars,
          storm_palace_corner_blocked, storm_palace_corner_reverse_hut]
Snake:1:  layout_honeycomb, hangedman_snake_thin_pillar_pass
Snake:2:  layout_basic, serial_bayou_shore_b, grunt_megastairs_3, uniq_vashnia
Snake:3:  layout_cave_pods, nicolae_shop_i_like_big_books,
          nicolae_snake_gridmaze_spiral, nicolae_snake_mages_go_home,
          uniq_roxanne
Snake:4:  grunt_snake_rune_serpentine_throne, layout_misc_corridors,
          st_stairs_12, minmay_shoptagon, uniq_asterion, uniq_saint_roka,
          uniq_aizul
Slime:1:  layout_caves
Slime:2:  layout_caves
Slime:3:  layout_caves
Slime:4:  layout_caves
Slime:5
Orc:1:    layout_caves
Orc:2:    st_orc_town, layout_diamond_mine, serial_shops, bzr_entry_water,
          uniq_donald
Elf:1:    dpeg_oklob_gauntlet, layout_geoelf_grid, serial_shops, shop,
          hangedman_corner_corridor
Elf:2:    nicolae_elf_blades_crystal_corner, layout_loops_ring, serial_shops,
          nicolae_shop_window_shopping, shop, dreamdust_princess_corridor,
          uniq_agnes, uniq_nikola
Elf:3:    elf_hall_gauntlet_wide, layout_geoelf_octagon, serial_shops,
          nicolae_lakefront_shop, nicolae_shop_statue_plus, shop,
          nicolae_elf_altarnating
Vaults:1: nicolae_vaults_theta, grunt_vaults_bifocal, ontoclasm_vaults_shout,
          hangedman_vaults_river_flow, nicolae_vaults_angled_halls,
          vaults_room_grunt_arrival_ludios, vaults_room_grid, v_misc_18,
          v_misc_1, nicolae_vaults_border_crossing, dpeg_vaults_monster_box,
          layout_vaults_ring, serial_shops, shop
Vaults:2: gammafunk_ghost_cemetery, vaults_room_fours,
          ontoclasm_vaults_ligature, nicolae_vaults_network_periphery,
          v_misc_11, ontoclasm_vaults_loading_screen, nicolae_vaults_gold_heap,
          vaults_dpeg_diagonal, layout_vaults_quadrants
Vaults:3: minmay_crypt_entry_simple_walls, v_rooms_5, kb_rosetta, v_misc_29,
          grunt_vaults_funnel, vaults_room_hallway,
          nicolae_vaults_mini_display_case, ontoclasm_vaults_claustrophobia,
          vaults_dpeg_cross, vaults_room_fancy_cross, ontoclasm_vaults_idyll,
          vaults_standard_mumra_enter_the_diamond,
          ontoclasm_vaults_loading_screen, vaults_standard_mumra_x,
          nicolae_vaults_little_squares_3, layout_vaults_maze, serial_shops,
          nicolae_shop_advertising_works [nicolae_subvault_shop_adworks]
Vaults:4: infiniplex_enter_wizlab_spiral, hangedman_vaults_cutoff, v_misc_16,
          v_pattern_2, vaults_room_grunt_arrival_checkpoint,
          ontoclasm_vaults_ring_large, layout_vaults_omnicross, uniq_mara
Vaults:5
Crypt:1:  layout_basic, basic_altar, grunt_crypt_arrival_webbed
Crypt:2:  layout_chaotic_city, uniq_zenata
Crypt:3:  evilmike_haunted_forest
Tomb:1
Depths:1: layout_gridlike, enter_ziggurat_c, pf_coc_iceberg,
          nicolae_dithmenos_the_darkroom, kennysheep_generic_room_3
Depths:2: hangedman_slaughterboxes, abyss_entry, hell_entry, pan_entry
Depths:3: minmay_ornate_pinched, layout_gridlike,
          muffindrake_ghost_dead_mans_drink, grunt_hell_entry_dis_mu,
          abyss_entry, minmay_misc_feat_enclosed, nicolae_fountain_basement
Depths:4: evilmike_zot_entry_hall, layout_cave_shapes,
          yredelemnul_altar_generic, grunt_metal_band,
          kennysheep_random_hallway, serial_bayou_shore_b
Hell
Dis:1:    lightli_tower_of_babel
Geh:1:    layout_gehenna_lava_caves
Geh:2:    layout_gehenna_pools_basic
Geh:3:    layout_gehenna_pools_triple
Geh:4:    layout_gehenna_pools_triple
Geh:5:    layout_gehenna_pools_box, nicolae_geh_liches_on_tour
Geh:6:    layout_gehenna_pools_basic
Coc:1:    layout_cocytus_delve, serial_ice, serial_ice_o, serial_ice_e
Coc:2:    layout_cocytus_delve
Coc:3:    layout_cocytus_water_paths
Coc:4:    layout_ice_bergs
Coc:5:    layout_cocytus_delve
Zot:1:    lemuel_halls_of_wrath, layout_basic
Zot:2:    layout_onion_interference
Zot:3:    kennysheep_spiral_hall, layout_misc_corridors
Zot:4:    hangedman_zot_vaults_quadrants, layout_onion_interference
Zot:5:    layout_twisted_circle, grunt_megastairs_2
Abyss:4:  base: Snake:1, evilmike_abyss_exit_4, minivault_26,
          evilmike_nicolae_abyss_rune_betentacled_crabyss,
          evilmike_nicolae_abyss_rune_betentacled_crabyss,
          evilmike_abyss_exit_7,
          evilmike_nicolae_abyss_rune_betentacled_crabyss,
          evilmike_abyss_exit_plants, evilmike_abyss_exit_3,
          evilmike_abyss_exit_3, evilmike_abyss_exit_12,
          guppyfry_abyss_exit_glass_guarded, base: Coc:4,
          evilmike_abyss_exit_14, evilmike_abyss_exit_1, base: Geh:5,
          evilmike_abyss_exit_13, evilmike_abyss_exit_13, bh_abyss_exit_grid,
          minivault_25, evilmike_abyss_exit_9,
          hangedman_abyss_or_decor_jellyfish_corner, hangedman_abyss_theft,
          hangedman_abyss_or_decor_jellyfish_corner, evilmike_abyss_exit_8,
          spicy_abyss_helpful_harpoons, evilmike_abyss_exit_8,
          bh_abyss_exit_grid, serial_sigils_hangedman_gut,
          hangedman_classic_abyss_death, base: Tar:5, base: Coc:1,
          bh_abyss_exit_choice, minivault_26, evilmike_abyss_exit_chaos,
          hangedman_abyss_feature_spike, bh_abyss_exit_choice,
          lemuel_flamethrower_3, guppyfry_abyss_exit_imp_island,
          lemuel_flamethrower_3, spicy_abyss_pitcher_plant, minivault_13,
          patterned_corridor, spicy_abyss_planar_alliance,
          small_statue_intersection, spicy_abyss_planar_alliance,
          small_statue_intersection, evilmike_abyss_exit_6, base: D:12,
          bh_abyss_exit_spiral, minivault_19, spicy_abyss_pitcher_plant,
          hangedman_abyss_or_decor_stagger, minivault_5,
          spicy_abyss_pitcher_plant, hangedman_abyss_theft,
          hangedman_abyss_or_decor_jellyfish_corner, hangedman_abyss_sting,
          hangedman_abyss_sting, evilmike_abyss_exit_kraken,
          evilmike_abyss_exit_kraken, guppyfry_abyss_exit_spiral_guarded,
          evilmike_abyss_exit_1, base: Lair:4, evilmike_abyss_exit_2,
          evilmike_abyss_exit_9, evilmike_abyss_exit_10,
          hangedman_abyss_lost_library, base: Elf:1, evilmike_abyss_exit_16,
          minivault_28, minivault_27, patterned_corridor,
          hangedman_decor_points, patterned_corridor,
          evilmike_abyss_exit_mutagenic, base: Coc:6,
          hangedman_abyss_exit_choices, hangedman_decor_riveting,
          evilmike_abyss_exit_7, hangedman_abyss_stitches_cave

Skill      XL: |  1  2  3  4  5  6  7  8  9 10 11 12 13 14 15 16 17 18 19 20 21 22 23 24 25 26 27 |
---------------+----------------------------------------------------------------------------------+-----
Stealth        | 6 7 8 9 11 12 14 15 16 18 20 25 27 | 27.0
Fighting       | 2 3 4 5 7 9 11 12 14 15 16 19 20 21 22 24 27 | 27.0
Throwing       | 2 3 4 7 10 | 10.0
Armour         | 1 2 3 5 7 8 10 11 12 13 14 15 | 15.0
Dodging        | 3 4 7 9 10 15 16 17 18 19 20 22 23 24 27 | 27.0
Evocations     | 2 3 4 5 10 14 | 14.0
Invocations    | 2 3 4 7 10 | 10.0
Maces & Flails | 8 12 13 15 16 | 16.0
Shields        | 10 12 13 18 20 21 | 21.1
Short Blades   | 4 8 |  8.0

Action                   |  1- 3 |  4- 6 |  7- 9 | 10-12 | 13-15 | 16-18 | 19-21 | 22-24 | 25-27 || total
-------------------------+-------+-------+-------+-------+-------+-------+-------+-------+-------++-------
Melee: Dagger            |    88 |    75 |   379 |   609 |   377 |   105 |   160 |       |       ||  1793
       Bite              |     4 |     8 |    56 |   143 |   191 |   242 |   288 |   486 |   929 ||  2347
       Punch             |     2 |       |     2 |    16 |    12 |       |       |       |       ||    32
       Hand axe          |       |       |     5 |   135 |     6 |       |       |       |       ||   146
       Scimitar          |       |       |       |    27 |    50 |       |       |       |       ||    77
       Flail             |       |       |       |       |    29 |       |       |       |       ||    29
       Eveningstar       |       |       |       |       |   756 |  1187 |  1415 |  1902 |  3735 ||  8995
       Demon whip        |       |       |       |       |       |       |    44 |   180 |   323 ||   547
       Quick blade       |       |       |       |       |       |       |       |   111 |   279 ||   390
       Headbutt          |       |       |       |       |       |       |       |       |   501 ||   501
Throw: Boomerang         |     1 |       |    16 |    48 |     3 |     1 |     3 |    12 |    52 ||   136
       Dart              |     4 |     1 |     9 |    45 |    20 |     9 |     1 |       |       ||    89
       Javelin           |       |       |       |       |       |       |     1 |       |    11 ||    12
       Throwing net      |       |       |       |       |       |       |     4 |       |       ||     4
Invok: Shadow Step       |       |       |       |     7 |     4 |     2 |     6 |     6 |    17 ||    42
 Abil: Exsanguinate      |       |       |       |       |       |       |       |       |     2 ||     2
       Revivify          |       |       |       |       |       |       |       |       |     1 ||     1
Evoke: Wand              |       |       |     1 |    20 |       |       |     5 |       |     1 ||    27
       Box of beasts     |       |       |       |       |       |     1 |     4 |     3 |     6 ||    14
       Phial of floods   |       |       |       |       |       |       |     1 |       |       ||     1
       Phantom mirror    |       |       |       |       |       |       |       |     2 |     3 ||     5
       Lightning rod     |       |       |       |       |       |       |       |       |     7 ||     7
       Condenser vane    |       |       |       |       |       |       |       |       |     2 ||     2
  Use: Potion            |     1 |       |     4 |     2 |     1 |     4 |     4 |     8 |    23 ||    47
       Scroll            |       |       |    11 |     7 |    16 |     9 |    11 |     9 |    31 ||    94
 Stab: Sleeping          |     9 |    15 |    19 |    31 |   106 |   101 |   148 |    86 |   148 ||   663
       Paralysed         |       |       |     1 |     5 |       |       |       |       |       ||     6
       Distracted        |       |       |       |     2 |     5 |    12 |     7 |    13 |    40 ||    79
       Held in net/web   |       |       |       |       |     1 |       |     4 |       |       ||     5
Armor: Robe              |    19 |     3 |       |    16 |       |       |       |       |       ||    38
       Leather armour    |       |     7 |    64 |    87 |       |       |       |       |       ||   158
       Skin              |       |       |       |     2 |       |       |       |       |       ||     2
       Ring mail         |       |       |       |    64 |   277 |   191 |     8 |       |       ||   540
       Ice dragon scales |       |       |       |       |    11 |       |       |       |   146 ||   157
       Troll leather arm |       |       |       |       |       |       |   251 |   366 |   609 ||  1226
Dodge: Dodged            |    41 |    33 |   236 |   610 |  1193 |   720 |   906 |  1253 |  2863 ||  7855
Block: Other             |       |     5 |    74 |   170 |   113 |       |       |       |       ||   362
       Reflection        |       |       |     1 |     1 |    11 |   107 |    15 |    10 |    38 ||   183
       Kite shield       |       |       |       |       |   451 |  1094 |  1251 |  1720 |  4370 ||  8886
